Map: Overgrown Facility

Players

llllllllllll - Winner!

  • Race: Zerg Zerg
  • Spawn Location: 3:00

PureLegacy - Winner!

  • Race: Terran Terran
  • Spawn Location: 1:00

NeZloben

  • Race: Protoss Protoss
  • League: Master
  • Spawn Location: 9:00

IIIIIIIII

  • Race: Terran Terran
  • League: Master
  • Spawn Location: 7:00

VOD

Have the link to the VOD?

Description

Time

  • Played on: Nov. 29, 2018, 12:24 p.m.
  • Length: 8:59
Show
View Real Time Build Order
Export as new Build Order

llllllllllll Zerg - Winner!

Build Orders: Hatch First 

Get SALT Encoding   

  12  0:01  Drone  
  13  0:08  Drone  
  14  0:17  Overlord  
  14  0:21  Extractor  
  14  0:24  Drone  
  15  0:36  Drone x2  
  17  0:51  Extractor  
  16  0:58  Drone  
  16  0:59  Hatchery  
  16  1:02  Drone  
  17  1:09  Drone  
  18  1:19  Drone  
  19  1:26  Spawning Pool  
  19  1:27  Drone  
  19  1:38  Evolution Chamber  
  18  1:42  Drone  
  19  1:59  Drone  
  20  2:03  Zerg Melee Weapons Level 1  
  20  2:14  Queen  
  20  2:15  Queen  
  22  2:19  Drone  
  22  2:20  Drone  
  26  2:29  Drone x2  
  28  2:33  Overlord  
  28  2:34  Metabolic Boost  
  28  2:47  Overlord  
  28  2:53  Overlord  
  28  3:04  Overlord  
  28  3:06  Zergling x4  
  28  3:07  Zergling x4  
  28  3:11  Baneling Nest  
  31  3:15  Zergling x4  
  33  3:24  Zergling x10  
  38  3:27  Zergling x2  
  38  3:29  Zergling x2  
  38  3:32  Zergling x2  
  41  3:39  Zergling x4  
  43  3:53  Zergling x4  
  45  3:56  Zergling x2  
  45  4:02  Zergling x6  
  47  4:14  Zergling x4  
  47  4:15  Zergling x4  
  51  4:17  Lair  
  51  4:18  Drone  
  52  4:31  Overlord  
  51  4:41  Overlord  
  51  4:43  Spore Crawler  
  50  4:46  Overlord  
  50  4:48  Drone  
  50  4:51  Drone x2  
  50  4:52  Drone x3  
  56  5:03  Drone  
  56  5:04  Drone x3  
  58  5:14  Drone  
  58  5:15  Zerg Ground Armor Level 1  
  58  5:22  Zergling x2  
  59  5:33  Zergling x6  
  62  5:36  Extractor  
  62  5:38  Hatchery  
  60  6:06  Zergling x4  
  60  6:07  Zergling x12  
  46  6:31  Zergling x8  
  46  6:32  Zergling x6  
  51  6:35  Drone  
  51  6:36  Overlord  
  51  6:37  Overlord  
  52  6:41  Spire  
  49  6:51  Drone, Queen  
  49  6:52  Drone  
  49  6:53  Drone x2, Overlord  
  55  6:59  Extractor  
  52  7:01  Extractor  
  47  7:11  Drone  
  47  7:12  Drone x6  
  47  7:14  Hatchery  
  52  7:24  Drone  
  52  7:25  Drone x2  
  49  7:43  Extractor  
  48  7:44  Extractor  
  48  7:45  Drone  
  48  7:46  Drone x8  
  56  8:02  Drone x5  
  56  8:03  Drone  
  62  8:17  Mutalisk  
  62  8:18  Mutalisk x4  
  72  8:20  Mutalisk  
  72  8:26  Mutalisk x2  
  76  8:31  Mutalisk  
  80  8:58  Spore Crawler  
Show
View Real Time Build Order
Export as new Build Order

PureLegacy Terran - Winner!

Build Orders: Gas First Reaper Expand 

Get SALT Encoding   

  12  0:01  SCV  
  13  0:13  SCV  
  14  0:18  Supply Depot  
  14  0:25  SCV  
  15  0:32  Refinery  
  15  0:39  SCV  
  16  0:46  Barracks  
  16  0:51  SCV  
  17  1:06  Barracks  
  17  1:14  SCV  
  18  1:26  SCV  
  19  1:40  Reaper, Orbital Command  
  20  1:50  Command Center  
  20  2:02  Supply Depot  
  20  2:06  SCV  
  21  2:12  Barracks Reactor  
  21  2:18  SCV  
  22  2:24  Barracks  
  22  2:25  Barracks  
  22  2:30  SCV  
  22  2:31  Supply Depot  
  23  2:42  SCV  
  24  2:51  Marine x2  
  23  2:54  SCV  
  26  3:08  Orbital Command  
  26  3:09  SCV  
  26  3:11  Marine x2  
  29  3:14  Barracks Tech Lab  
  29  3:15  Marine  
  30  3:22  SCV  
  30  3:24  Refinery  
  31  3:28  Marine x2  
  31  3:33  Marine, Stimpack  
  31  3:34  Marine  
  35  3:36  SCV  
  35  3:37  SCV  
  35  3:39  Supply Depot  
  37  3:49  SCV x2  
  37  3:50  Engineering Bay  
  37  3:55  Factory  
  39  3:57  Marine x4  
  39  4:01  SCV  
  39  4:02  SCV  
  45  4:10  Supply Depot  
  45  4:13  SCV  
  45  4:14  SCV  
  47  4:24  Terran Infantry Weapons Level 1  
  47  4:25  Missile Turret x2, SCV  
  47  4:26  SCV  
  47  4:30  Barracks Reactor  
  49  4:32  Marine x3  
  49  4:37  SCV  
  53  4:38  SCV  
  53  4:44  Starport  
  54  4:48  Factory Reactor  
  54  4:50  SCV x2  
  56  4:53  Marine x2  
  56  4:54  Marine  
  59  5:03  Barracks, SCV x2  
  59  5:05  Barracks  
  59  5:06  Refinery  
  61  5:09  Refinery  
  61  5:13  Supply Depot  
  61  5:15  SCV x2  
  61  5:19  Marine x5  
  68  5:26  Supply Depot  
  68  5:29  SCV x2  
  68  5:32  Factory Tech Lab  
  68  5:35  Medivac x2  
  74  5:48  Marine x5  
  79  5:51  Supply Depot, Combat Shield  
  79  5:52  Supply Depot  
  79  5:53  Barracks Reactor  
  79  5:54  Barracks Reactor  
  79  6:02  Siege Tank  
  82  6:11  Marine  
  82  6:12  Marine x4  
  78  6:29  Marine x4  
  78  6:30  Marine x5  
  78  6:32  Medivac x2  
  88  6:36  Terran Infantry Armor Level 1, Supply Depot x2  
  87  6:47  Marine  
  87  6:48  Marine x2  
  87  6:50  Marine x2  
  87  6:51  Marine x3  
  95  6:59  Marine  
  95  7:00  Siege Tank  
  99  7:05  Marine  
  99  7:06  Marine  
  101  7:09  Medivac x2  
  101  7:15  Supply Depot, Marine  
  105  7:16  Marine x3  
  105  7:18  Supply Depot  
  108  7:26  Marine x4  
  110  7:31  Marine  
  110  7:33  Marine x2  
  111  7:38  Marine x2  
  111  7:40  Siege Tank  
  111  7:43  Medivac x2  
  111  7:44  Marine x2  
  118  7:50  Marine  
  118  7:51  Marine x3  
  121  7:52  Marine  
  121  7:56  Supply Depot  
  121  7:57  Supply Depot  
  124  8:08  Marine x2  
  124  8:09  Marine x4  
  130  8:16  Siege Tank  
  133  8:28  Medivac x2, Marine  
  133  8:29  Marine x2  
  133  8:32  Supply Depot  
  133  8:33  Marine  
  131  8:43  Supply Depot  
Show
View Real Time Build Order
Export as new Build Order

NeZloben Protoss 

Build Orders: 1 Gate Expand, Blink Stalkers 

Get SALT Encoding   

  12  0:01  Probe  
  13  0:13  Probe  
  14  0:19  Pylon  
  14  0:25  Probe  
  15  0:39  Gateway, Probe  
  16  0:47  Probe  
  16  0:48  Assimilator  
  17  0:57  Probe  
  18  1:09  Probe  
  19  1:12  Assimilator  
  19  1:22  Probe  
  20  1:38  Nexus  
  20  1:40  Probe  
  21  1:52  Cybernetics Core  
  21  1:57  Assimilator  
  21  2:03  Zealot  
  23  2:11  Pylon  
  23  2:27  Warp Gate  
  23  2:29  Probe  
  24  2:30  Twilight Council  
  24  2:33  Stalker  
  24  2:45  Blink  
  24  2:47  Probe  
  25  2:57  Probe  
  26  2:59  Probe  
  27  3:17  Probe x2  
  29  3:21  Stalker  
  29  3:25  Probe x2  
  33  3:36  Gateway  
  33  3:37  Probe  
  34  3:50  Gateway  
  34  3:55  Gateway  
  34  4:01  Gateway  
  34  4:06  Pylon  
  34  4:33  Probe x2, Pylon  
  34  4:35  Stalker x2  
  40  4:45  Probe  
  41  4:46  Shield Battery  
  41  4:47  Stalker  
  41  4:51  Pylon  
  43  4:57  Zealot x2  
  46  5:08  Probe  
  46  5:09  Probe  
  48  5:15  Forge  
  48  5:17  Stalker  
  48  5:18  Stalker  
  48  5:20  Charge  
  48  5:21  Probe  
  53  5:25  Stalker  
  55  5:40  Probe x2, Protoss Ground Weapons Level 1  
  57  5:47  Pylon  
  57  5:50  Pylon  
  57  5:52  Probe  
  57  5:54  Photon Cannon  
  58  5:59  Probe  
  59  6:05  Probe  
  59  6:11  Photon Cannon, Shield Battery  
  60  6:15  Zealot x2  
  46  6:36  Photon Cannon  
  46  6:42  Pylon  
  42  6:51  Zealot x2  
  42  6:52  Zealot x3  
  47  6:58  Dark Shrine  
  47  6:59  Photon Cannon  
  47  7:06  Shield Battery  
  37  7:12  Stalker x3  
  37  7:15  Zealot  
  36  7:36  Zealot x2  
  34  7:49  Probe x2  
  36  7:51  Assimilator  
  36  7:55  Assimilator  
  36  7:56  Photon Cannon  
  36  8:02  Pylon  
  36  8:04  Probe, Cybernetics Core  
  37  8:06  Probe  
  37  8:08  Photon Cannon  
  37  8:10  Pylon  
  38  8:17  Dark Templar  
  40  8:20  Dark Templar  
  40  8:24  Zealot  
  44  8:38  Zealot x2  
  46  8:48  Zealot  
Show
View Real Time Build Order
Export as new Build Order

IIIIIIIII Terran 

Build Orders:  

Get SALT Encoding   

  12  0:01  SCV  
  13  0:13  SCV  
  14  0:18  Supply Depot  
  14  0:25  SCV  
  15  0:30  Refinery  
  15  0:40  SCV  
  16  0:46  Barracks  
  16  0:52  SCV  
  17  1:04  SCV  
  18  1:11  Barracks  
  18  1:16  SCV  
  19  1:26  Refinery  
  19  1:28  SCV  
  20  1:37  Factory  
  20  1:41  SCV  
  21  1:50  Marine  
  22  1:56  Orbital Command  
  22  2:01  Barracks Reactor  
  22  2:08  Marine  
  23  2:29  Factory Tech Lab, Supply Depot  
  23  2:39  Barracks Reactor  
  23  2:50  Siege Tank  
  26  2:52  SCV  
  26  2:56  Supply Depot  
  27  2:58  Marine x2  
  29  3:15  Marine x2  
  29  3:18  Marine x2  
  29  3:19  Supply Depot  
  33  3:22  Siege Tank  
  36  3:32  Marine  
  36  3:33  Marine  
  38  3:35  Marine  
  39  3:45  Marine  
  40  3:50  Marine  
  40  3:51  Marine  
  40  3:53  Marine  
  43  3:57  Supply Depot  
  43  4:00  Supply Depot  
  43  4:03  Marine  
  43  4:08  Marine  
  45  4:13  Marine  
  45  4:14  Marine  
  43  4:21  Marine  
  44  4:26  Siege Tank  
  47  4:35  Marine x2  
  49  4:57  Marine x2  
  49  4:58  Siege Tank  
  54  5:00  Command Center  
  54  5:23  Barracks Tech Lab  
  54  5:24  Marine x2  
  54  5:26  Barracks  
  54  5:27  Barracks  
  56  5:39  Supply Depot  
  56  5:42  Supply Depot, Marine  
  57  5:46  Stimpack  
  57  5:56  Starport  
  57  6:05  Factory Reactor  
  57  6:13  SCV  
  29  6:25  Marine  
  29  6:26  Marine x2  
  29  6:28  Marine  
  29  6:29  Marine x2  
  30  6:33  SCV  
  30  6:36  Orbital Command  
  30  6:43  Marine  
  30  6:46  Marine x2  
  33  6:47  Medivac x2  
  33  6:53  Marine x2  
  39  6:59  Marine  
  40  7:01  Marine  
  40  7:03  Marine  
  40  7:08  Marine  
  41  7:17  SCV  
  41  7:18  SCV  
  43  7:29  SCV  
  44  7:34  Marine x4  
  44  7:35  Marine x2  
  35  7:52  Marine x6  
  41  7:58  Medivac  
  43  8:10  Marine x5  
  43  8:11  Medivac  
Tags
 
Add a new tag
Caveats
  • Supply blocks, unpowered buildings, or Contaminate may cause inaccurate times.
  • Supply counts are checked every 10 seconds.